 Dungeon Crawl Stone Soup version 0.26.0-90-g5fd8617961 (webtiles) character file.

Game seed: 11876240999864981328

216 Descartes the Gusty (level 5, -5/18 (28) HPs)
             Began as a Deep Elf Air Elementalist on Feb 2, 2021.
             Slain by Terence
             ... wielding a +0 flail of draining
              (8 damage)
             ... on level 3 of the Dungeon.
             The game lasted 00:06:29 (3774 turns).

Descartes the Gusty (Deep Elf Air Elementalist)     Turns: 3774, Time: 00:06:30

HP:   -5/18 (28)    AC:  4    Str:  5    XL:     5   Next: 61%
MP:   10/11         EV: 17    Int: 21    God:
Gold: 125           SH:  0    Dex: 15    Spells: 3/10 levels left

rFire    . . .     SeeInvis .   v - +2 dagger (chaos)
rCold    . . .     Faith    .   (no shield)
rNeg     . . .     Spirit   .   a - +0 robe
rPois    .         Reflect  .   l - +0 helmet
rElec    .         Harm     .   f - +0 cloak
rCorr    .         Rampage  .   (no gloves)
Will     .....                  (no boots)
Stlth    ++........             (no amulet)
HPRegen  0.06/turn              k - +4 ring of evasion
MPRegen  0.12/turn              r - ring of flight

@: very heavily drained
A: no striking features
a: Evoke Flight


You were on level 3 of the Dungeon.
You visited 1 branch of the dungeon, and saw 3 of its levels.

You collected 125 gold pieces.

Inventory:

Hand Weapons
 b - a +0 vampiric dagger
 v - a +2 dagger of chaos (weapon)
Missiles
 c - 151 stones
 s - 14 poisoned darts
 u - 24 arrows
Armour
 a - a +0 robe (worn)
 f - a +0 cloak (worn)
 l - a +0 helmet (worn)
Jewellery
 k - a +4 ring of evasion (left hand)
 r - a ring of flight (right hand)
Scrolls
 e - a scroll of torment {unknown}
 g - 4 scrolls of remove curse {unknown}
 h - 5 scrolls of random uselessness {unknown}
 n - a scroll of amnesia {unknown}
 p - 2 scrolls of enchant armour {unknown}
 q - a scroll of fog {unknown}
 t - a scroll of teleportation {unknown}
Potions
 d - 2 potions of heal wounds {unknown}
 i - a potion of haste {unknown}
 j - a potion of mutation {unknown}
 m - a potion of lignification {unknown}
 o - 2 potions of resistance {unknown}


   Skills:
 - Level 2.4 Dodging
 - Level 2.4 Stealth
 - Level 3.0 Spellcasting
 - Level 1.1 Conjurations
 + Level 6.4 Air Magic


You had 3 spell levels left.
You knew the following spells:

 Your Spells              Type           Power        Failure   Level
a - Shock                 Conj/Air       72%          2%          1
b - Airstrike             Air            15%          10%         4
c - Swiftness             Air            30%          1%          2

Your spell library contained the following spells:

 Spells                   Type           Power        Failure   Level
 Static Discharge         Conj/Air       18%          9%          3
 Animate Skeleton         Necr           6%           13%         1
 Apportation              Tloc           6%           13%         1
 Corona                   Hex            3%           13%         1
 Summon Small Mammal      Summ           12%          13%         1
 Lightning Bolt           Conj/Air       9%           61%         5


Dungeon Overview and Level Annotations

Branches:
Dungeon (3/15)

Altars:
Dithmenos
Makhleb
Okawaru
Xom

Annotations:
D:3 Terence


Message History

You barely miss Terence.
Terence is heavily wounded.
Terence barely misses you. x2
Unknown command.
You hit Terence but do no damage.
Terence is heavily wounded.
Terence closely misses you.
You hit Terence but do no damage.
Terence is heavily wounded.
Terence closely misses you.
Unknown command.
You hit Terence but do no damage.
Terence is heavily wounded.
Terence hits you with a +0 flail of draining!
You feel drained.
* * * LOW HITPOINT WARNING * * *
You hit Terence but do no damage.
Terence is heavily wounded.
Terence hits you with a +0 flail of draining!
You die...

##. ...######## ####..
..........### #.....
..#.#.#.#..^# #.....
............# #.....
..#.#.#.#...#######....#
'...........'..........'
..#.#.#.#...#######....#
#...).@@...###....'....+
#.#)#.#.#.###....##....#
#.........# #....#######
######....# #....#
#....# #...)##### ######
#........## #.........##
#######..... #......#.#


You could see Terence (fast, strong).

Vanquished Creatures
  A crimson imp (D:3)
  An orc wizard (D:3)
  6 adders
  An ooze (D:1)
  3 worms (D:2)
  A dart slug (D:2)
  3 leopard geckos
  5 orcs (D:3)
  2 giant cockroaches
  12 goblins
  9 hobgoblins
  2 jackals (D:2)
  11 bats
  6 frilled lizards
  5 kobolds
  10 rats
78 creatures vanquished.

Notes
Turn   | Place    | Note
-------+----------+-------------------------------------------
     0 | D:1      | Descartes the Deep Elf Air Elementalist began the quest for
                  | the Orb.
     0 | D:1      | Reached XP level 1. HP: 10/10 MP: 6/6
   293 | D:1      | Reached XP level 2. HP: 8/15 MP: 1/8
   834 | D:1      | Reached skill level 4 in Air Magic
  1167 | D:1      | Reached XP level 3. HP: 19/19 MP: 7/9
  1267 | D:2      | Found a shadowy altar of Dithmenos.
  1625 | D:2      | Reached XP level 4. HP: 16/24 MP: 3/10
  1797 | D:2      | Learned a level 4 spell: Airstrike
  1906 | D:2      | Reached skill level 5 in Air Magic
  2570 | D:2      | Found an iron altar of Okawaru.
  2858 | D:3      | Learned a level 2 spell: Swiftness
  3063 | D:3      | Reached XP level 5. HP: 13/28 MP: 2/11
  3374 | D:3      | Reached skill level 6 in Air Magic
  3374 | D:3      | Found a shimmering altar of Xom.
  3375 | D:3      | Found a burning altar of Makhleb.
  3746 | D:3      | Noticed Terence
  3774 | D:3      | Slain by Terence

Illustrated notes

Levels and vault maps discovered:
D:1:      roderic_dead_forest, layout_basic, moated_statue, dk_noncrumbling_3
D:2:      layout_loops_cross, grunt_dithmenos_smoke_and_mirrors,
          marbit_many_paths, minmay_heptomino_w4
D:3:      layout_basic, grunt_temple_overflow_champion_of_chaos, serial_glass,
          glass_columns_a, glass_columns_a, glass_columns_b, glass_columns_b,
          glass_columns_a, glass_columns_c, glass_columns_a, glass_columns_a,
          glass_columns_c, glass_columns_a, glass_columns_c, glass_columns_a,
          glass_columns_a, glass_columns_c, minmay_misc_feat_ornament,
          uniq_terence

Skill      XL: |  1  2  3  4  5 |
---------------+----------------+-----
Air Magic      | 4 5 6 |  6.4
Dodging        | |  2.4
Stealth        | |  2.4
Spellcasting   | |  3.0
Conjurations   | |  1.1

Action                   |  1- 3 |  4- 6 || total
-------------------------+-------+-------++-------
Melee: Dagger            |    72 |    24 ||    96
 Cast: Shock             |    81 |    83 ||   164
       Airstrike         |       |     1 ||     1
Armor: Robe              |    20 |     3 ||    23
Dodge: Dodged            |    83 |    24 ||   107
